 Dungeon Crawl Stone Soup version 0.31-a0-949-g57150269e1 (webtiles) character file.

Game seed: 16067997333027822259

1006 Xavori the Trooper (level 8, -3/62 HPs)
             Began as a Demonspawn Chaos Knight on Oct 22, 2023.
             Was a Plaything of Xom.
             Slain by a gnoll sergeant
             ... wielding a +0 halberd
              (5 damage)
             ... in a bailey on Oct 23, 2023.
             The game lasted 00:06:53 (3858 turns).

Xavori the Trooper (Demonspawn Chaos Knight)        Turns: 3858, Time: 00:06:55

Health: -3/62      AC: 10    Str: 13    XL:     8   Next: 0%
Magic:  8/8        EV: 13    Int: 14    God:    Xom [....*.]
Gold:   340        SH:  0    Dex: 14    Spells: 7/7 levels left

rFire   . . .        a - +0 falchion (chaos)
rCold   . . .        (no shield)
rNeg    . . .        b - +2 leather armour
rPois   .            l - +1 helmet
rElec   .            (no cloak)
rCorr   .            y - +0 pair of gloves
SInv    +            t - +0 pair of boots
Will    .....        (no amulet)
Stlth   +            p - ring of Esmusk {Slay+3 SInv}
HPRegen 0.30/turn    (no ring)
MPRegen 0.11/turn

%: no passive effects
@: attractive, studying Evocations, invisible
A: powered by death 1, weakness stinger 1, mutation resistance 1, subdued magic
1
a: Renounce Religion


You were in a bailey.
You worshipped Xom.
You were a beloved toy of Xom.
You visited 1 branch of the dungeon, and saw 8 of its levels.
You also visited: Sewer and Bailey.

You collected 340 gold pieces.

Inventory:

Hand Weapons
 a - a +0 falchion of chaos (weapon)
Armour
 b - a +2 leather armour (worn)
 l - a +1 helmet (worn)
 m - the +4 chain mail "Jihius" {rC+ rCorr Dex-4}
   (You found it on level 2 of the Dungeon)

   Dex-4:     It affects your dexterity (-4).
   rC+:       It protects you from cold.
   rCorr:     It protects you from acid and corrosion.
 t - a +0 pair of boots (worn)
 y - a +0 pair of gloves (worn)
Jewellery
 j - a ring of fire
 p - the ring of Esmusk (left hand) {Slay+3 SInv}
   (You acquired it on level 3 of the Dungeon)

   [ring of see invisible]

   Slay+3:    It affects your accuracy & damage with ranged weapons and melee
   (+3).
   SInv:      It lets you see invisible.
Talismans
 z - a beast talisman
Wands
 f - a wand of charming (8)
 x - a wand of polymorph (9)
Scrolls
 c - 2 scrolls of butterflies
 d - 2 scrolls of vulnerability {unknown}
 e - 2 scrolls of immolation
 i - 6 scrolls of teleportation
 k - 3 scrolls of fog
 r - a scroll of silence
 u - 3 scrolls of poison
 v - a scroll of amnesia
Potions
 g - a potion of berserk rage {unknown}
 h - a potion of attraction
 o - a potion of invisibility
 w - a potion of might {unknown}
 A - a potion of magic
 B - a potion of mutation
 C - a potion of lignification {unknown}


   Skills:
 + Level 5.3 Fighting
 + Level 4.8 Long Blades
 + Level 4.3 Armour
 + Level 4.0 Dodging
 + Level 3.2 Evocations


You had 7 spell levels left.
You didn't know any spells.
Your spell library contained the following spells:

 Spells                   Type           Power      Damage    Failure   Level
 Apportation              Tloc           0%         N/A       30%         1
 Necrotise                Necr           0%         1d4       30%         1
 Summon Small Mammal      Summ           0%         N/A       30%         1
 Lesser Beckoning         Tloc           0%         N/A       43%         2
 Poisonous Vapours        Pois/Air       0%         N/A       43%         2
 Gell's Gravitas          Tloc           0%         N/A       67%         3
 Mephitic Cloud           Conj/Pois/Air  0%         N/A       67%         3
 Teleport Other           Tloc           0%         N/A       67%         3
 Tukima's Dance           Hex            0%         N/A       67%         3
 Dimensional Bullseye     Hex/Tloc       0%         N/A       97%         4
 Iskenderun's Mystic Bla  Conj/Tloc      0%         2d3       97%         4
 Freezing Cloud           Conj/Ice/Air   0%         6-21      100%        5


Dungeon Overview and Level Annotations

Branches:
Dungeon (8/15)              Sewer (visited)          Bailey (1/1)
 Temple: D:4-7         Lair: D:8-11

Altars:
Ashenzari
Vehumet

Annotations:
D:4 3 runed translucent doors, Bahuunn's ghost, amateur BaIE; Stellion's ghost, amateur DECj; drugrobin's ghost, weakling DgDe; ranchalot's ghost, novice OpSh; wireframewife's ghost, amateur BaIE


Innate Abilities, Weirdness & Mutations

You regenerate a little health from kills.
You have a small tail.
You are somewhat resistant to further mutation.
Your spells are a little easier to cast, but a little less powerful.


Message History

You completely miss the gnoll. You punch the gnoll, but do no damage.
The gnoll closely misses you. x2; The gnoll sergeant closely misses you.
You hit the gnoll sergeant but do no damage. "Hum-dee-hum-dee-hum..."
The gnoll suddenly seems more resistant.
You are now a beloved toy of Xom.
The gnoll sergeant barely misses you.
You hit the gnoll sergeant but do no damage.
You tail-slap the gnoll sergeant.
The gnoll sergeant is lightly wounded.
The gnoll barely misses you.
The gnoll sergeant hits you with a +0 halberd.
* * * LOW HITPOINT WARNING * * *
Unknown command.
You slash the gnoll sergeant! You freeze the gnoll sergeant.
The gnoll sergeant is heavily wounded.
The gnoll sergeant is no longer moving quickly.
The gnoll hits you from afar with a +0 halberd!
* * * LOW HITPOINT WARNING * * *
The gnoll closely misses you. The gnoll sergeant closely misses you.
Your gnoll bouda zombie hits the gnoll but does no damage.
It was a potion of magic.
Magic courses through your body.
Xom thinks this is hilarious!
The gnoll closely misses you.
The gnoll hits you from afar with a +0 halberd.
* * * LOW HITPOINT WARNING * * *
The gnoll sergeant hits you but does no damage.
Your gnoll bouda zombie completely misses the gnoll.
It was a potion of mutation.
You feel extremely strange.
Your connection to magic feels subdued.
You feel genetically stable. The gnoll closely misses you.
The gnoll barely misses you. The gnoll sergeant misses you.
It was a potion of attraction.
You feel attractive to monsters. "See what I see, my child!"
You feel aware of your surroundings. The gnoll hits you but does no damage.
The gnoll barely misses you.
Your gnoll bouda zombie hits the gnoll but does no damage.
The gnoll sergeant hits you with a +0 halberd.
You die...

≈≈.. ** *###### , ~*
≈..#** ,,,,...8.##,, ~
≈..#, gg ,,,.....##,,~
≈..#, ,, ,, .....# ~*
≈..#, ,g#####,g...#,,~♣
≈..# ,,##...## ..)# .≈♣
≈..######.....###g##..≈♣
)).'...#.......#g.....≈♣
...'.))'...8...'@)....≈♣
...'†.)#.......#.Zg...≈♣
≈..######.....###+##..≈♣
≈..# gh##...##,, *..≈♣
≈..#,*g,h#####,,,,, ,.≈♣
≈..#,*,,,,,+ ,,g, ,*, ≈♣
≈..#,*gh, , , g,,* ,≈♣
≈..#**,8 ,, ,


g8g , , * ~~ , **** ******* ,~~ You could see a gnoll sergeant (unable to see
you), 2 gnolls and a friendly gnoll bouda zombie.

Vanquished Creatures
  A kobold brigand (Sewer)
  A gnoll sergeant (Bailey)
  4 hounds
  A jelly (D:4)
  4 gnoll boudas (Bailey)
  2 iguanas (D:5)
  An orc wizard (D:3)
  4 gnolls (Bailey)
  3 river rats
  6 adders
  2 ufetubi (D:5)
  3 worms
  2 dart slugs
  2 orcs (D:3)
  8 ball pythons
  4 bats
  5 endoplasms (D:1)
  6 giant cockroaches
  11 goblins
  10 hobgoblins
  2 jackals (D:5)
  2 quokkas
  2 frilled lizards
  14 kobolds
  4 rats
104 creatures vanquished.

Vanquished Creatures (collateral kills)
  A hobgoblin (D:2)
1 creature vanquished.

Vanquished Creatures (others)
  A harpy (shapeshifter) (D:4)
1 creature vanquished.

Grand Total: 106 creatures vanquished

Notes
Turn   | Place    | Note
-------+----------+-------------------------------------------
     0 | D:1      | Xavori the Demonspawn Chaos Knight began the quest for the
                  | Orb.
     0 | D:1      | Reached XP level 1. HP: 18/18 MP: 1/1
   134 | D:1      | Reached skill level 1 in Dodging
   135 | D:1      | XOM: silly message
   181 | D:1      | XOM: silly message
   189 | D:1      | Gained mutation: You regenerate a little health from kills.
                  | [demonic ancestry]
   189 | D:1      | Reached XP level 2. HP: 19/24 MP: 2/2
   227 | D:1      | Found a faded altar of an unknown god.
   233 | D:1      | XOM: smoke on damage
   625 | D:1      | XOM: silly message
   749 | D:2      | XOM: noise
   759 | D:2      | Reached XP level 3. HP: 29/29 MP: 3/3
   764 | D:2      | Identified the +4 chain mail "Jihius" {rC+ rCorr Dex-4}
   985 | D:2      | XOM: cast spell 'Summon Ice Beast'
  1236 | D:3      | XOM: divination: magic mapping
  1242 | D:3      | XOM: god gift: long sword {god gift}
  1370 | D:3      | Reached XP level 4. HP: 24/35 MP: 4/4
  1710 | D:3      | Identified a scroll of acquirement
  1711 | D:3      | Acquired the ring of Esmusk {Slay+3 SInv}
  1913 | D:4      | Found a broken altar of Ashenzari.
  1970 | D:4      | Noticed Robin
  1983 | D:4      | Robin changed into Robin the shapeshifter
  1983 | D:4      | Noticed Robin (shapeshifter)
  1983 | D:4      | XOM: polymorph Robin -> Robin the shapeshifter
  1983 | D:4      | Robin the shapeshifter changed into Robin the harpy
  1983 | D:4      | Noticed Robin (shapeshifter)
  2011 | D:4      | XOM: butterfly on damage
  2011 | D:4      | XOM: smoke on damage
  2012 | D:4      | Killed Robin the harpy
  2012 | D:4      | XOM: divine lightning
  2013 | D:4      | Reached skill level 4 in Fighting
  2013 | D:4      | Reached XP level 5. HP: 18/43 MP: 5/5
  2013 | D:4      | Reached XP level 6. HP: 20/49 MP: 6/6
  2174 | D:4      | XOM: scenery: 2 doors open
  2224 | D:4      | Found a runed translucent gate.
  2225 | D:4      | Found a runed translucent gate.
  2226 | D:4      | Found a runed translucent gate.
  2227 | D:4      | Noticed wireframewife's ghost (amateur BaIE)
  2227 | D:4      | Noticed ranchalot's ghost (novice OpSh)
  2227 | D:4      | Noticed drugrobin's ghost (weakling DgDe)
  2227 | D:4      | Noticed Bahuunn's ghost (amateur BaIE)
  2228 | D:4      | Noticed Stellion's ghost (amateur DECj)
  2389 | D:4      | XOM: 1-stop teleportation journey
  2580 | D:4      | Found a radiant altar of Vehumet.
  2910 | D:5      | Entered Level 5 of the Dungeon
  2914 | D:5      | XOM: confuse monster(s)
  2966 | D:5      | XOM: polymorph iguana -> river rat
  3015 | D:5      | You fall into a shaft and drop 3 floors!
  3121 | D:5      | Found a glowing drain.
  3124 | D:5      | Reached XP level 7. HP: 52/55 MP: 7/7
  3140 | D:5      | XOM: confuse monster(s)
  3150 | D:5      | Reached skill level 1 in Evocations
  3161 | Sewer    | Entered a sewer
  3264 | Sewer    | XOM: 1-stop teleportation journey
  3321 | Sewer    | XOM: confuse monster(s)
  3323 | Sewer    | XOM: fog
  3330 | Sewer    | Reached skill level 5 in Fighting
  3409 | D:6      | XOM: god gift: 30 gold pieces
  3438 | D:7      | Found a flagged portal.
  3447 | Bailey   | Entered a bailey
  3711 | Bailey   | XOM: confuse monster(s)
  3712 | Bailey   | XOM: confuse monster(s)
  3716 | Bailey   | XOM: confuse monster(s)
  3766 | Bailey   | XOM: silly message
  3834 | Bailey   | XOM: divination: detect creatures
  3851 | Bailey   | Gained mutation: You have a small tail. [demonic ancestry]
  3851 | Bailey   | Reached XP level 8. HP: 15/62 MP: 8/8
  3853 | Bailey   | XOM: enchant monster (bad)
  3856 | Bailey   | HP: 1/62 [gnoll/+0 halberd (3)]
  3857 | Bailey   | Gained mutation: Your spells are a little easier to cast,
                  | but a little less powerful. [potion of mutation]
  3857 | Bailey   | Gained mutation: You are somewhat resistant to further
                  | mutation. [potion of mutation]
  3858 | Bailey   | XOM: divination: magic mapping
  3858 | Bailey   | Slain by a gnoll sergeant

Illustrated notes

Levels and vault maps discovered:
D:1:      dpeg_arrival_chambers_temple_mockup, layout_basic,
          basic_ecumenical_altar, minmay_misc_feat_five
D:2:      layout_basic
D:3:      layout_rooms
D:4:      layout_gridville, nicolae_ashenzari_skybound, general_overflow_altar,
          gammafunk_ghost_cemetery, minmay_starry_boxes, uniq_robin
D:5:      layout_layer_cave, nemelex_diamond_rough_becter,
          chequers_temple_overflow_statue_of_worship,
          minmay_temple_entry_poolview, gup_sewer_entry_glass,
          minmay_misc_feat_cross, chequers_serial_rivers_marsh,
          hangedman_decor_clover_reticule, uniq_menkaure
D:6:      layout_basic, minmay_misc_feat_square, serial_bayou_crossing,
          uniq_grinder
D:7:      layout_rooms, grunt_temple_overflow_open, lemuel_tele_altar,
          fedhas_ov_isle_minmay, enter_bailey_8, uniq_crazy_yiuf_cottage
D:8:      layout_basic, mainiacjoe_overflow_alcove_2,
          mainiacjoe_overflow_cross_hatched, serial_shops,
          nicolae_shop_waterfront, hangedman_decor_growths, serial_bayou_ford_a,
          kennysheep_generic_room_8
Bailey:   bailey_polearm_gnolls_kennysheep, bailey

Skill      XL: |  1  2  3  4  5  6  7 |
---------------+----------------------+-----
Dodging        | 1 3 4 |  4.0
Armour         | 2 3 4 |  4.3
Long Blades    | 3 4 |  4.8
Fighting       | 4 5 |  5.3
Evocations     | 3 |  3.2

Action                     |  1- 3 |  4- 6 |  7- 9 || total
---------------------------+-------+-------+-------++-------
  Melee: Falchion          |   110 |    90 |   167 ||   367
         Punch             |       |     1 |     4 ||     5
         Tailslap          |       |       |     1 ||     1
  Evoke: Wand              |       |     4 |     6 ||    10
    Use: Scroll            |       |    12 |     1 ||    13
         Potion            |       |     2 |     4 ||     6
   Stab: Confused          |       |       |     2 ||     2
 Armour: Leather armour    |    29 |    82 |   127 ||   238
         Chain mail        |    68 |     7 |       ||    75
  Dodge: Dodged            |    62 |    74 |   114 ||   250

Table legend: (Time is in decaauts)
 A = Elapsed time spent in this place.
 B = Non-inter-level travel time spent in this place.
 C = Inter-level travel time spent in this place.
 D = Time resting spent in this place.
 E = Time spent auto-exploring this place.
 F = Levels seen in this place.
 G = Mean time per level.
                   A        B        C        D        E       F      G
               +--------+--------+--------+--------+--------+-----+--------+
         Total |   3935 |   3784 |    151 |    277 |   2478 |  10 |  393.5 |
       Dungeon |   3249 |   3098 |    151 |     84 |   2364 |   8 |  406.1 |
         Sewer |    271 |    271 |      0 |      0 |      3 |   1 |  271.0 |
        Bailey |    414 |    414 |      0 |    193 |    111 |   1 |  414.0 |
               +--------+--------+--------+--------+--------+-----+--------+

Top non-repeatable levels by time:
     D:4: 1191 daAuts
     D:1: 757 daAuts
     D:3: 521 daAuts
     D:2: 465 daAuts
  Bailey: 414 daAuts
   Sewer: 271 daAuts
     D:5: 184 daAuts
     D:8: 64 daAuts
     D:6: 40 daAuts
     D:7: 24 daAuts
